BLB
NEW YORK CYCLONES @ BATAVIA MUCKDOGS
03/31/2060
 
TOP OF THE 1ST
New York Cyclones batting - Pitching for Batavia Muckdogs : LHP Dwyane Essex
Pitching: LHP Dwyane Essex
Batting: RHB Stefan Jamroz 0-0: Foul Ball, location: 2F
0-1: Fly out, F8 (Flyball, 89M, EV 99.4 MPH)
Batting: RHB Nathaniel Vogel 0-0: Called Strike
0-1: Fly out, F9 (Flyball, 9S, EV 90.0 MPH)
Batting: RHB Sullivan Hazelwood 0-0: Foul Ball, location: 2F
0-1: Ground out 6-3 (Groundball, 6, EV 83.8 MPH)
Top of the 1st over - 0 runs, 0 hits, 0 errors, 0 left on base; New York 0 - Batavia 0
BOTTOM OF THE 1ST
Batavia Muckdogs batting - Pitching for New York Cyclones : LHP Parker Lord
Pitching: LHP Parker Lord
Batting: LHB Donald Dworkin 0-0: Called Strike
0-1: Called Strike
0-2: Ball
1-2: Strikes out swinging, 2-3 out at first.
Batting: RHB Colby Cooper 0-0: Ball
1-0: Ball
2-0: Foul Ball, location: 2F
2-1: Ground out 5-3 (Groundball, 56, EV 86.2 MPH)
Batting: RHB R.J. McCarthy 0-0: Foul Ball, location: 2F
0-1: Ball
1-1: Ball
2-1: Foul Ball, location: 2F
2-2: Ground out 5-3 (Groundball, 5S, EV 68.8 MPH)
Bottom of the 1st over - 0 runs, 0 hits, 0 errors, 0 left on base; New York 0 - Batavia 0
TOP OF THE 2ND
New York Cyclones batting - Pitching for Batavia Muckdogs : LHP Dwyane Essex
Batting: LHB Broderick Council 0-0: Ball
1-0: Called Strike
1-1: Called Strike
1-2: Strikes out swinging
Batting: RHB Kenneth Waters 0-0: Called Strike
0-1: Ball
1-1: Ball
2-1: Foul Ball, location: 2F
2-2: Ball
3-2: SOLO HOME RUN (Flyball, 7D, EV 102.5 MPH), Distance : 378 ft
Batting: LHB Chase Barkow 0-0: Called Strike
0-1: Fly out, F7 (Flyball, 7D, EV 95.0 MPH)
Batting: RHB Pat Duke 0-0: Foul Ball, location: 2F
0-1: Ball
1-1: Ground out 4-3 (Groundball, 34D, EV 83.1 MPH)
Top of the 2nd over - 1 run, 1 hit, 0 errors, 0 left on base; New York 1 - Batavia 0
BOTTOM OF THE 2ND
Batavia Muckdogs batting - Pitching for New York Cyclones : LHP Parker Lord
Batting: SHB Quinton Brown 0-0: Ball
1-0: Ball
2-0: SINGLE (Groundball, 34D, EV 96.2 MPH)
Batting: RHB Robbie McGath 0-0: Swinging Strike
0-1: Ball
1-1: Ball
2-1: Foul Ball, location: 2F
2-2: Strikes out swinging
Batting: RHB Logan Gleason 0-0: Swinging Strike
0-1: Called Strike
0-2: Strikes out swinging
Batting: RHB Julius McCurdy 0-0: Fielders Choice at 2nd, 6-4 (Groundball, 56, EV 80.0 MPH)
Bottom of the 2nd over - 0 runs, 1 hit, 0 errors, 1 left on base; New York 1 - Batavia 0
TOP OF THE 3RD
New York Cyclones batting - Pitching for Batavia Muckdogs : LHP Dwyane Essex
Batting: RHB Evan Buhler 0-0: Ball
1-0: Fly out, F9 (Flyball, 9D, EV 102.5 MPH)
Batting: RHB Kaniel Martinez 0-0: Ball
1-0: Ball
2-0: Ball
3-0: Base on Balls
Batting: RHB Stefan Jamroz 0-0: Ball
1-0: Ball
2-0: Ball
3-0: Called Strike
3-1: DOUBLE (Line Drive, 7LD, EV 97.5 MPH)
Kaniel Martinez to third
Runner from 3rd tries for Home, SAFE, throw by LF to home
Batting: RHB Nathaniel Vogel 0-0: Called Strike
0-1: Ball
1-1: Ground out 6-3 (Groundball, 6, EV 80.0 MPH)
Stefan Jamroz to third
Batting: RHB Sullivan Hazelwood 0-0: Ball
1-0: Called Strike
1-1: Swinging Strike
1-2: Ball
2-2: Ball
3-2: SINGLE (Flyball, 34D, EV 88.8 MPH)
Stefan Jamroz scores
Batting: LHB Broderick Council 0-0: Called Strike
0-1: Ball
1-1: Ball
2-1: Ball
Sullivan Hazelwood steals 2nd base
3-1: Foul Ball, location: 2F
3-2: Foul Ball, location: 2F
3-2: Foul Ball, location: 2F
3-2: Foul Ball, location: 2F
3-2: SINGLE (Groundball, 34D, EV 103.8 MPH)
Sullivan Hazelwood to third
Runner from 3rd tries for Home, SAFE, throw by RF to home
Broderick Council to second
Batting: RHB Kenneth Waters 0-0: 2-RUN HOME RUN (Flyball, 78XD, EV 103.8 MPH), Distance : 415 ft
Batting: LHB Chase Barkow 0-0: Called Strike
0-1: Ball
1-1: Ground out 4-3 (Groundball, 4M, EV 85.6 MPH)
Top of the 3rd over - 5 runs, 4 hits, 0 errors, 0 left on base; New York 6 - Batavia 0
BOTTOM OF THE 3RD
Batavia Muckdogs batting - Pitching for New York Cyclones : LHP Parker Lord
Batting: LHB Willis Neil 0-0: Fly out, F8 (Flyball, 8LD, EV 80.0 MPH)
Batting: RHB Tyson Velez 0-0: Called Strike
0-1: Called Strike
0-2: Ball
1-2: Foul Ball, location: 2F
1-2: Foul Ball, location: 2F
1-2: Fly out, F9 (Line Drive, 9D, EV 99.4 MPH)
Batting: LHB Donald Dworkin 0-0: Ball
1-0: Fly out, F8 (Flyball, 8RXD, EV 95.0 MPH)
Bottom of the 3rd over - 0 runs, 0 hits, 0 errors, 0 left on base; New York 6 - Batavia 0
TOP OF THE 4TH
New York Cyclones batting - Pitching for Batavia Muckdogs : LHP Dwyane Essex
Pitching: LHP Keaton Bice
Batting: RHB Pat Duke 0-0: Called Strike
0-1: Foul Ball, location: 2F
0-2: Fly out, F8 (Line Drive, 8LM, EV 85.6 MPH)
Batting: RHB Evan Buhler 0-0: Ground out 4-3 (Groundball, 4, EV 103.1 MPH)
Batting: RHB Kaniel Martinez 0-0: Called Strike
0-1: Called Strike
0-2: Ball
1-2: Ball
2-2: Strikes out looking
Top of the 4th over - 0 runs, 0 hits, 0 errors, 0 left on base; New York 6 - Batavia 0
BOTTOM OF THE 4TH
Batavia Muckdogs batting - Pitching for New York Cyclones : LHP Parker Lord
Batting: RHB Colby Cooper 0-0: Fly out, F5 (Popup, 5SF, EV 68.8 MPH)
Batting: RHB R.J. McCarthy 0-0: Ball
1-0: SOLO HOME RUN (Flyball, 78XD, EV 101.9 MPH), Distance : 425 ft
Batting: SHB Quinton Brown 0-0: Ground out 6-3 (Groundball, 4MS, EV 69.4 MPH)
Batting: RHB Robbie McGath 0-0: Foul Ball, location: 2F
0-1: Ball
1-1: Foul Ball, location: 2F
1-2: Fly out, F4 (Popup, 4M, EV 60.0 MPH)
Bottom of the 4th over - 1 run, 1 hit, 0 errors, 0 left on base; New York 6 - Batavia 1
TOP OF THE 5TH
New York Cyclones batting - Pitching for Batavia Muckdogs : LHP Keaton Bice
Pitching: RHP Rakim Antonopoulos
Now at 1B: Quinton Brown
Now at 3B: Archibald Vasquez
Batting: RHB Stefan Jamroz 0-0: Ball
1-0: DOUBLE (Flyball, 8LXD, EV 108.8 MPH)
Pinch Hitting: RHB Danrad Orozco 0-0: Foul Ball, location: 2F
0-1: Ground out 6-3 (Groundball, 6, EV 83.1 MPH)
Stefan Jamroz to third
Batting: RHB Sullivan Hazelwood 0-0: Foul Ball, location: 2F
0-1: Ball
1-1: Ball
2-1: Ball
3-1: Base on Balls
Batting: LHB Broderick Council 0-0: Foul Ball, location: 2F
0-1: Foul Ball, location: 2F
0-2: Strikes out looking
Batting: RHB Fred Etheridge 0-0: Called Strike
0-1: Fly out, F8 (Flyball, 8LS, EV 86.2 MPH)
Top of the 5th over - 0 runs, 1 hit, 0 errors, 2 left on base; New York 6 - Batavia 1
BOTTOM OF THE 5TH
Batavia Muckdogs batting - Pitching for New York Cyclones : LHP Parker Lord
Now at 2B: Tariq Alston
Now in LF: Danrad Orozco
Batting: RHB Logan Gleason 0-0: SINGLE (Line Drive, 34D, EV 106.2 MPH)
Batting: RHB Julius McCurdy 0-0: Called Strike
0-1: Ball
1-1: Foul Ball, location: 2F
1-2: Ball
2-2: Strikes out looking
Batting: LHB Willis Neil 0-0: Called Strike
0-1: Foul Ball, location: 2F
0-2: DOUBLE (Flyball, 8RXD, EV 105.6 MPH)
Logan Gleason to third
Batting: RHB Tyson Velez 0-0: Foul Ball, location: 2F
0-1: Swinging Strike
0-2: Ball
1-2: Fly out, F7 (Flyball, 7, EV 86.9 MPH)
Runner from 3rd tags up, SCORES, throw by LF
Willis Neil to third
Pinch Hitting: LHB Carl Brinkley 0-0: Called Strike
0-1: Hit by Pitch
Pinch Hitting: RHB Bowie Garcia 0-0: Called Strike
0-1: Called Strike
0-2: Ball
1-2: Foul Ball, location: 2F
1-2: Foul Ball, location: 2F
1-2: Ball
2-2: Strikes out swinging
Bottom of the 5th over - 1 run, 2 hits, 0 errors, 2 left on base; New York 6 - Batavia 2
TOP OF THE 6TH
New York Cyclones batting - Pitching for Batavia Muckdogs : RHP Rakim Antonopoulos
Pitching: RHP Stan Dotson
Now at 2B: Bowie Garcia
Now in LF: Carl Brinkley
Pinch Hitting: RHB Alexander Charter 0-0: Called Strike
0-1: Foul Ball, location: 2F
0-2: Strikes out looking
Batting: LHB Tariq Alston 0-0: DOUBLE (Line Drive, 78D, EV 112.5 MPH)
Batting: RHB Evan Buhler 0-0: Ball
1-0: Ball
2-0: Called Strike
2-1: Ball
3-1: Base on Balls
Batting: RHB Kaniel Martinez 0-0: Foul Ball, location: 2F
0-1: Ball
1-1: SINGLE (Line Drive, 7S, EV 100.6 MPH)
Tariq Alston to third
Evan Buhler to second
Batting: RHB Stefan Jamroz 0-0: TRIPLE (Flyball, 89XD, EV 90.0 MPH)
Tariq Alston scores
Evan Buhler scores
Kaniel Martinez scores
Batting: RHB Danrad Orozco 0-0: Ball
1-0: Ball
2-0: Ball
3-0: Called Strike
3-1: Called Strike
3-2: Strikes out looking
Pinch Hitting: RHB Jarrett Evans 0-0: Called Strike
0-1: Foul Ball, location: 2F
0-2: Foul Ball, location: 2F
0-2: Ball
1-2: Ball
2-2: Foul Ball, location: 2F
2-2: Foul Ball, location: 2F
2-2: DOUBLE (Groundball, 5L, EV 110.0 MPH)
Stefan Jamroz scores
Pitching: LHP Isaac Bates
Pinch Hitting: LHB Jim Mjima 0-0: Ball
Wild Pitch!
Jarrett Evans to third
1-0: SINGLE (Groundball, 3D, EV 95.6 MPH)
Jarrett Evans scores
Batting: RHB Fred Etheridge 0-0: Foul Ball, location: 2F
0-1: Called Strike
0-2: Fielders Choice at 2nd, 6-4 (Groundball, 56, EV 85.0 MPH)
Top of the 6th over - 5 runs, 5 hits, 0 errors, 1 left on base; New York 11 - Batavia 2
BOTTOM OF THE 6TH
Batavia Muckdogs batting - Pitching for New York Cyclones : LHP Parker Lord
Now at C: Devon Richardson
Now at 1B: Jim Mjima
Now at 3B: Jarrett Evans
Now in RF: Alexander Charter
Batting: LHB Archibald Vasquez 0-0: Ball
1-0: Ball
2-0: Ball
3-0: Called Strike
3-1: SINGLE (Groundball, 4MD, EV 102.5 MPH)
Pinch Hitting: RHB Tommy Tyrrell 0-0: Ball
1-0: Called Strike
1-1: Ball
2-1: Foul Ball, location: 2F
2-2: Ball
3-2: Base on Balls
Archibald Vasquez to second
Pinch Hitting: RHB Wade Cummins 0-0: Ball
1-0: Ball
Wild Pitch!
Archibald Vasquez to third
Tommy Tyrrell to second
2-0: Called Strike
2-1: Foul Ball, location: 2F
2-2: Ball
3-2: Strikes out swinging
Pitching: RHP Cedric Erickson
Batting: RHB Logan Gleason 0-0: Swinging Strike
0-1: Called Strike
0-2: Ball
1-2: Ball
2-2: Ball
3-2: Foul Ball, location: 2F
3-2: Base on Balls
Batting: RHB Julius McCurdy 0-0: Swinging Strike
0-1: Fly out, F8 (Flyball, 78D, EV 96.2 MPH)
Runner from 3rd tags up, SCORES, throw by CF
Tommy Tyrrell to third
Batting: LHB Willis Neil 0-0: Ball
1-0: Foul Ball, location: 2F
1-1: Called Strike
1-2: Ball
2-2: Strikes out looking
Bottom of the 6th over - 1 run, 1 hit, 0 errors, 2 left on base; New York 11 - Batavia 3
TOP OF THE 7TH
New York Cyclones batting - Pitching for Batavia Muckdogs : LHP Isaac Bates
Now at 1B: Tommy Tyrrell
Now in RF: Wade Cummins
Batting: RHB Alexander Charter 0-0: Called Strike
0-1: Ball
1-1: Ball
2-1: Fly out, F8 (Line Drive, 8RM, EV 101.9 MPH)
Batting: LHB Tariq Alston 0-0: Ground out 6-3 (Groundball, 6M, EV 104.4 MPH)
Batting: RHB Devon Richardson 0-0: Called Strike
0-1: Ball
1-1: Called Strike
1-2: Ball
2-2: Ball
3-2: Strikes out swinging
Top of the 7th over - 0 runs, 0 hits, 0 errors, 0 left on base; New York 11 - Batavia 3
BOTTOM OF THE 7TH
Batavia Muckdogs batting - Pitching for New York Cyclones : RHP Cedric Erickson
Batting: LHB Ricky Stegall 0-0: Ball
1-0: Called Strike
1-1: Ball
2-1: Swinging Strike
2-2: Foul Ball, location: 2F
2-2: Ball
3-2: Reached on error, E3 (Groundball, 34, EV 79.4 MPH)
Batting: LHB Carl Brinkley 0-0: Ball
1-0: Called Strike
1-1: Foul Ball, location: 2F
1-2: Strikes out swinging
Batting: RHB Bowie Garcia 0-0: Ball
1-0: SINGLE (Groundball, 34D, EV 94.4 MPH)
Ricky Stegall to second
Runner from 2nd tries for 3rd, SAFE, throw by RF made to third
Batting: LHB Archibald Vasquez 0-0: Called Strike
0-1: Ball
Bowie Garcia steals 2nd base (no throw)
1-1: Swinging Strike
1-2: Ball
2-2: Strikes out swinging
Batting: RHB Tommy Tyrrell 0-0: SINGLE (Groundball, 34D, EV 95.0 MPH)
Ricky Stegall scores
Bowie Garcia to third
Runner from 3rd tries for Home, SAFE, throw by RF to home
Batting: RHB Wade Cummins 0-0: Called Strike
0-1: Swinging Strike
0-2: Strikes out swinging
Bottom of the 7th over - 2 runs, 2 hits, 1 error, 1 left on base; New York 11 - Batavia 5
TOP OF THE 8TH
New York Cyclones batting - Pitching for Batavia Muckdogs : LHP Isaac Bates
Pitching: RHP Murray Williams
Batting: RHB Kaniel Martinez 0-0: Swinging Strike
0-1: Ball
1-1: Foul Ball, location: 2F
1-2: Ball
2-2: SINGLE (Line Drive, 6M, EV 95.0 MPH)
Batting: RHB Stefan Jamroz 0-0: Called Strike
0-1: Foul Ball, location: 2F
0-2: Ball
1-2: Strikes out swinging
Pinch Hitting: RHB Jerry Critchfield 0-0: Ball
1-0: SINGLE (Groundball, 56D, EV 94.4 MPH)
Kaniel Martinez to second
Kaniel Martinez to third
Batting: RHB Jarrett Evans 0-0: Foul Ball, location: 2F
0-1: Called Strike
Jerry Critchfield steals 2nd base
0-2: Ball
1-2: Fly out, F9 (Flyball, 9LS, EV 96.9 MPH)
Batting: LHB Jim Mjima 0-0: Called Strike
0-1: Swinging Strike
0-2: Ball
1-2: Ball
2-2: Fly out, F8 (Flyball, 8LM, EV 90.6 MPH)
Top of the 8th over - 0 runs, 2 hits, 0 errors, 2 left on base; New York 11 - Batavia 5
BOTTOM OF THE 8TH
Batavia Muckdogs batting - Pitching for New York Cyclones : RHP Cedric Erickson
Pitching: LHP J.R. Arnold
Now in LF: Alexander Charter
Now in RF: Jerry Critchfield
Batting: RHB Logan Gleason 0-0: Ball
1-0: Called Strike
1-1: Ball
2-1: Ball
3-1: Ground out 5-3 (Groundball, 25, EV 83.8 MPH)
Batting: RHB Julius McCurdy 0-0: Ball
1-0: Ground out 5-3 (Groundball, 25, EV 80.6 MPH)
Batting: LHB Willis Neil 0-0: Ball
1-0: Fly out, F8 (Flyball, 78M, EV 76.9 MPH)
Bottom of the 8th over - 0 runs, 0 hits, 0 errors, 0 left on base; New York 11 - Batavia 5
TOP OF THE 9TH
New York Cyclones batting - Pitching for Batavia Muckdogs : RHP Murray Williams
Pitching: LHP Jameon Hurst
Batting: LHB Jared Rosewall 0-0: Ball
1-0: Called Strike
1-1: Fly out, F7 (Flyball, 7LD, EV 105.6 MPH)
Batting: RHB Alexander Charter 0-0: Ball
1-0: Called Strike
1-1: Called Strike
1-2: Strikes out swinging
Batting: LHB Tariq Alston 0-0: Foul Ball, location: 2F
0-1: Ball
1-1: Called Strike
1-2: Strikes out swinging
Top of the 9th over - 0 runs, 0 hits, 0 errors, 0 left on base; New York 11 - Batavia 5
BOTTOM OF THE 9TH
Batavia Muckdogs batting - Pitching for New York Cyclones : LHP J.R. Arnold
Pitching: RHP Oscar Dudzik
Batting: LHB Ricky Stegall 0-0: Called Strike
0-1: Ball
1-1: Swinging Strike
1-2: Strikes out swinging
Batting: LHB Carl Brinkley 0-0: Called Strike
0-1: Foul Ball, location: 2F
0-2: Strikes out looking
Batting: RHB Bowie Garcia 0-0: Ball
1-0: Swinging Strike
1-1: Called Strike
1-2: Strikes out looking
Bottom of the 9th over - 0 runs, 0 hits, 0 errors, 0 left on base; New York 11 - Batavia 5
Wednesday, April 17th , 2024 - OOTP Baseball 23.10 Build 110